 Dungeon Crawl Stone Soup version 0.31-a0-1388-g4b2ba238e7 (webtiles) character file.

Game seed: 17357472539417463666

330 Ofeo the Trooper (level 6, 0/65 HPs)
             Began as an Oni Gladiator on Dec 24, 2023.
             Slain by a giant cockroach (2 damage)
             ... on level 3 of the Dungeon.
             The game lasted 00:03:15 (3341 turns).

Ofeo the Trooper (Oni Gladiator)                    Turns: 3341, Time: 00:03:16

Health: 0/65       AC:  5    Str: 16 (19) XL:     6   Next: 51%
Magic:  6/6        EV: 10    Int:  7 (9)  God:
Gold:   134        SH:  0    Dex:  9 (12) Spells: 5/5 levels left

rFire   . . .        l - +2 whip (drain)
rCold   . . .        (no shield)
rNeg    . . .        b - +0 robe
rPois   .            c - +1 hat
rElec   .            o - +0 cloak
rCorr   .            (gloves unavailable)
SInv    .            (boots unavailable)
Will    .....        (no amulet)
Stlth   +            (no ring)
HPRegen 0.30/turn    (no ring)
MPRegen 0.10/turn

%: no passive effects
@: very slightly contaminated
A: large, unfitting armour, horns 1, tough skin 1, double potion healing,
drunken brawling
a: no special abilities


You were on level 3 of the Dungeon.
You visited 1 branch of the dungeon, and saw 3 of its levels.

You collected 134 gold pieces.

Inventory:

Hand Weapons
 a - a +0 flail
 l - a +2 whip of draining (weapon)
 m - a +0 giant club
Missiles
 d - 3 throwing nets
 e - 10 large rocks (quivered)
Armour
 b - a +0 robe (worn)
 c - a +1 hat (worn)
 o - a +0 cloak (worn)
Scrolls
 h - 2 scrolls of revelation
 j - a scroll of teleportation {@r3}
Potions
 i - a potion of heal wounds {unknown}
 n - a potion of enlightenment {unknown}


   Skills:
 + Level 4.9 Fighting
 + Level 4.3 Maces & Flails
 + Level 3.7 Throwing
 + Level 3.9 Dodging


You had 5 spell levels left.
You didn't know any spells.
Your spell library contained the following spells:

 Spells                   Type           Power      Damage    Failure   Level
 Magic Dart               Conj           0%         1d3       43%         1
 Blink                    Tloc           0%         N/A       56%         2
 Call Imp                 Summ           0%         N/A       56%         2


Dungeon Overview and Level Annotations

Branches:
Dungeon (3/15)

Altars:

Shops:
D:1 [


Innate Abilities, Weirdness & Mutations

You are too large for most types of armour.
You have a pair of small horns on your head.
You have tough skin. (AC +1)
You gain doubled healing and magic from potions.
Whenever you drink a healing potion, you attack all around you.


Message History

The orc wizard hits you but does no damage.
You hear some strange, mumbled words.
Something tries to affect you, but you resist.
You regained 10 hp, and now have 17/65 hp.
You hit the orc wizard.
You kill the orc wizard!
The orc barely misses you.
The giant cockroach bites you but does no damage.
You closely miss the orc. You headbutt the orc.
The orc is moderately wounded.
The jackal bites you but does no damage.
The orc closely misses you.
The giant cockroach bites you but does no damage.
You closely miss the orc. Your headbutt misses the orc.
The orc is lightly wounded.
The jackal bites you.
* * * LOW HITPOINT WARNING * * *
The giant cockroach bites you but does no damage.
The orc hits you with a +0 mace!
* * * LOW HITPOINT WARNING * * *
The jackal closely misses you.
You take 8 damage, and have 10/65 hp.
You hit the orc.
The orc is severely wounded.
The giant cockroach closely misses you. The jackal barely misses you.
The orc hits you with a +0 mace.
* * * LOW HITPOINT WARNING * * *
You take 6 damage, and have 4/65 hp.
You completely miss the orc. You punch the orc.
The orc is almost dead.
The jackal bites you.
* * * LOW HITPOINT WARNING * * *
The giant cockroach bites you.
* * * LOW HITPOINT WARNING * * *
You take 2 damage, and have 2/65 hp.
It was a potion of cancellation.
You feel magically purged.
You are very lightly contaminated with residual magic.
The orc misses you. The jackal barely misses you.
The giant cockroach bites you.
You die...

................
.###############
...............#
.#############.###
.# #...# .# ###.#
.# #.###########
.# #o#....?.....
.# #@B...?...... .
##h.........$
##..........
#†.........
#..........
#.$).......
#..........
#..........
#..........


You could see an orc, a jackal and a giant cockroach.

Vanquished Creatures
  An ogre (D:3)
  2 orc priests
  An iguana (D:2)
  2 orc wizards (D:3)
  3 adders (D:2)
  A worm (D:2)
  A dart slug (D:2)
  12 orcs
  6 bats
  3 endoplasms
  11 goblins
  2 hobgoblins
  8 jackals
  4 kobolds (D:2)
  6 quokkas
  A frilled lizard (D:3)
  5 rats
69 creatures vanquished.

Notes
Turn   | Place    | Note
-------+----------+-------------------------------------------
     0 | D:1      | Ofeo the Oni Gladiator began the quest for the Orb.
     0 | D:1      | Reached XP level 1. HP: 22/22 MP: 1/1
   488 | D:1      | Reached XP level 2. HP: 26/29 MP: 2/2
   909 | D:1      | Found Opolawk's Armour Boutique.
  1184 | D:2      | Reached XP level 3. HP: 36/37 MP: 3/3
  1610 | D:2      | Reached XP level 4. HP: 22/48 MP: 4/4
  1952 | D:2      | Identified the +3 spear of the Dark Horse {pain, Int+3}
  2115 | D:2      | Reached XP level 5. HP: 19/54 MP: 5/5
  3063 | D:3      | Noticed an ogre
  3073 | D:3      | Killed an ogre
  3074 | D:3      | Reached XP level 6. HP: 24/65 MP: 6/6
  3217 | D:3      | Identified the +6 dagger of Xaher {antimagic, rF+ Will+++}
  3340 | D:3      | HP: 3/65 [jackal (2)]
  3341 | D:3      | Slain by a giant cockroach

Illustrated notes

Levels and vault maps discovered:
D:1:      dpeg_arrival_castle, layout_loops_corners, serial_shops, shop
D:2:      minmay_wonky_spiral, layout_loops_corners
D:3:      layout_basic, minmay_ogre_servants

Skill      XL: |  1  2  3  4  5 |
---------------+----------------+-----
Fighting       | 3 4 |  4.9
Dodging        | 3 |  3.9
Throwing       | 3 |  3.7
Maces & Flails | 4 |  4.3

Action                     |  1- 3 |  4- 6 || total
---------------------------+-------+-------++-------
  Melee: Flail             |    90 |    77 ||   167
         Headbutt          |    15 |    15 ||    30
         Whip              |       |    31 ||    31
         Punch             |       |     2 ||     2
  Throw: Large rock        |       |     1 ||     1
    Use: Scroll            |       |     5 ||     5
         Potion            |       |     3 ||     3
 Armour: Robe              |    62 |   120 ||   182
  Dodge: Dodged            |    66 |    79 ||   145

Table legend: (Time is in decaauts)
 A = Elapsed time spent in this place.
 B = Non-inter-level travel time spent in this place.
 C = Inter-level travel time spent in this place.
 D = Time resting spent in this place.
 E = Time spent auto-exploring this place.
 F = Levels seen in this place.
 G = Mean time per level.
                   A        B        C        D        E       F      G
               +--------+--------+--------+--------+--------+-----+--------+
         Total |   3376 |   3287 |     89 |    556 |   2203 |   3 | 1125.3 |
       Dungeon |   3376 |   3287 |     89 |    556 |   2203 |   3 | 1125.3 |
               +--------+--------+--------+--------+--------+-----+--------+

Top non-repeatable levels by time:
     D:2: 1849 daAuts
     D:1: 1065 daAuts
     D:3: 460 daAuts
